 Dungeon Crawl Stone Soup version 0.32-a0-411-g744942f433 (webtiles) character file.

Game seed: 9900199429169586909

2433 shadowstone the Protected (level 9, -9/73 (78) HPs)
             Began as a Minotaur Fighter on Feb 21, 2024.
             Mangled by a wight
             ... wielding a +2 morningstar
              (13 damage)
             ... on level 7 of the Dungeon.
             The game lasted 00:13:09 (6440 turns).

shadowstone the Protected (Minotaur Fighter)        Turns: 6440, Time: 00:13:09

HP:   -9/73 (78)    AC: 12    Str: 32    XL:     9   Next: 24%
MP:   17/17         EV:  9    Int:  8    God:
Gold: 287           SH:  4    Dex:  5    Spells: 8/8 levels left

rFire   + + .        q - +4 mace of Puwokhe {speed, rF++ MP+9 Int+3 Dex-4}
rCold   . . .        c - +0 buckler
rNeg    . . .        D - +0 chain mail
rPois   .            (helmet restricted)
rElec   .            r - +0 cloak
rCorr   .            (no gloves)
SInv    .            (no boots)
Will    .....        (no amulet) Stlth
                     h - +6 ring of strength
HPRegen 0.32/turn    (no ring)
MPRegen 0.15/turn

%: no passive effects
@: drained
A: horns 2, retaliatory headbutt
a: no special abilities


You were on level 7 of the Dungeon.
You visited 1 branch of the dungeon, and saw 7 of its levels.

You collected 287 gold pieces.

Inventory:

Hand Weapons
 a - a +1 trident of draining
 q - the +4 mace of Puwokhe (weapon) {speed, rF++ MP+9 Int+3 Dex-4}
   (You found it on level 4 of the Dungeon)

   Int+3:     It affects your intelligence (+3).
   Dex-4:     It affects your dexterity (-4).
   rF++:      It greatly protects you from fire.
   MP+9:      It affects your magic capacity (+9).
Missiles
 o - 8 boomerangs (quivered)
Armour
 b - a +0 scale mail
 c - a +0 buckler (worn)
 r - a +0 cloak (worn)
 w - a +2 leather armour of poison resistance
 D - a +0 chain mail (worn)
Jewellery
 h - a +6 ring of strength (left hand)
 B - a ring of wizardry
Wands
 s - a wand of roots (8)
 y - a wand of digging (3)
Scrolls
 e - 4 scrolls of identify
 m - 2 scrolls of immolation
 u - a scroll of blinking
 v - a scroll of fear
 x - 2 scrolls of amnesia
 A - a scroll of acquirement {unknown}
 C - a scroll of fog
 E - a scroll of enchant weapon
Potions
 d - 2 potions of might
 f - 4 potions of curing {unknown}
 g - a potion of ambrosia {unknown}
 i - a potion of invisibility {unknown}
 j - a potion of enlightenment {unknown}
 k - a potion of heal wounds {unknown}
 l - a potion of lignification {unknown}
 n - a potion of haste {unknown}
 p - a potion of mutation {unknown}
 t - a potion of brilliance {unknown}
 z - a potion of degeneration {unknown}


   Skills:
 + Level 6.9 Fighting
 + Level 7.3 Maces & Flails
 + Level 6.0 Polearms
 + Level 0.2 Throwing
 + Level 8.8 Armour
 + Level 3.6 Dodging
 + Level 0.9 Stealth
 + Level 5.2 Shields


You had 8 spell levels left.
You didn't know any spells.
Your spell library contained the following spells:

 Spells                   Type           Power      Damage    Failure   Level
 Magic Dart               Conj           0%         1d3       85%         1
 Searing Ray              Conj           0%         2d4       94%         2
 Ozocubu's Armour         Ice            0%         N/A       99%         3
 Fulminant Prism          Conj/Alch      0%         3d5       100%        4
 Metabolic Englaciation   Hex/Ice        0%         N/A       100%        5
 Sculpt Simulacrum        Ice/Alch       0%         N/A       100%        6


Dungeon Overview and Level Annotations

Branches:
Dungeon (7/15)
 Temple: D:4-7

Altars:

Shops:
D:6 =


Innate Abilities, Weirdness & Mutations

You have a pair of horns on your head.
You reflexively headbutt those who attack you in melee.


Message History

The wight attacks as it pursues you! The wight hits you but does no damage.
You block the orc's attack.
The phantom hits you but does no damage.
You block the orc's attack.
The wight hits you from afar with a +4 halberd.
* * * LOW HITPOINT WARNING * * *
You sock the orc!
You kill the orc!
You block the wight's attack. The orc hits you with a +0 dagger.
* * * LOW HITPOINT WARNING * * *
The orc hits you but does no damage.
The phantom hits you but does no damage.
The wight hits you but does no damage.
You thump the orc!
You kill the orc!
The wight hits you with a +4 falchion.
* * * LOW HITPOINT WARNING * * *
You feel drained.
* * * LOW HITPOINT WARNING * * *
The orc hits you but does no damage.
You barely miss the phantom.
The wight hits you with a +2 morningstar.
* * * LOW HITPOINT WARNING * * *
The wight closely misses you.
The phantom hits you but does no damage.
You hit the phantom.
The phantom is lightly damaged.
The wight closely misses you. The orc hits you but does no damage.
The wight hits you but does no damage. The wight closely misses you.
The phantom hits you but does no damage.
The wight hits you from afar with a +4 halberd!
* * * LOW HITPOINT WARNING * * *
You closely miss the wight. Your headbutt misses the wight.
The wight barely misses you. The orc hits you but does no damage.
Unknown command.
You hit the wight.
The wight is moderately damaged.
The wight closely misses you.
The wight hits you with a +2 morningstar!
You die...

.. .......## ..
..##....#.. ...
.........##.. #
##........#.
.####.#<........##
.................#
#####...#...z....#.#.
....###..zW........
..###. #...z@)....#..
#......oz........
#####........[...
#............
##...........
##......#### ########


You could see a phantom, 4 wights and an orc.

Vanquished Creatures
  A two-headed ogre (D:6)
  A wraith (D:6)
  3 black bears
  2 centaurs
  A phantom (D:4)
  5 scorpions
  3 bullfrogs (D:6)
  4 hounds
  3 jellies (D:5)
  An orc priest (D:5)
  5 iguanas
  2 orc wizards (D:5)
  7 adders
  A white imp (D:5)
  2 ufetubi (D:5)
  5 dart slugs
  2 ribbon worms (D:4)
  18 orcs
  9 endoplasms
  9 goblins
  10 hobgoblins
  2 jackals (D:5)
  2 quokkas
  4 ball pythons
  7 bats
  4 frilled lizards
  10 kobolds
  5 rats
128 creatures vanquished.

Notes
Turn   | Place    | Note
-------+----------+-------------------------------------------
     0 | D:1      | shadowstone the Minotaur Fighter began the quest for the
                  | Orb.
     0 | D:1      | Reached XP level 1. HP: 19/19 MP: 0/0
   109 | D:1      | Reached XP level 2. HP: 27/27 MP: 1/1
   251 | D:1      | Reached skill level 4 in Armour
   376 | D:1      | Reached XP level 3. HP: 26/33 MP: 2/2
   908 | D:2      | Found a faded altar of an unknown god.
  1333 | D:2      | Reached XP level 4. HP: 37/40 MP: 3/3
  2321 | D:3      | Reached skill level 5 in Armour
  2367 | D:3      | Reached XP level 5. HP: 47/47 MP: 4/4
  2999 | D:4      | Noticed a phantom
  3010 | D:4      | Killed a phantom
  3011 | D:4      | Reached skill level 5 in Polearms
  3011 | D:4      | Reached XP level 6. HP: 52/53 MP: 5/5
  3115 | D:4      | Reached skill level 1 in Dodging
  3286 | D:4      | Identified the +4 mace of Puwokhe {speed, rF++ MP+9 Int+3
                  | Dex-4}
  3753 | D:5      | Entered Level 5 of the Dungeon
  3758 | D:5      | Reached skill level 1 in Maces & Flails
  3851 | D:5      | Reached XP level 7. HP: 40/60 MP: 6/6
  3940 | D:5      | Reached skill level 5 in Fighting
  3940 | D:5      | Reached skill level 6 in Armour
  4928 | D:6      | Noticed a wraith
  4944 | D:6      | Killed a wraith
  4945 | D:6      | Reached skill level 7 in Armour
  4945 | D:6      | Reached XP level 8. HP: 22/70 MP: 7/7
  5317 | D:6      | Reached skill level 5 in Shields
  5347 | D:6      | Reached skill level 5 in Maces & Flails
  5480 | D:6      | Noticed a two-headed ogre
  5489 | D:6      | Killed a two-headed ogre
  5490 | D:6      | Reached skill level 8 in Armour
  5490 | D:6      | Reached XP level 9. HP: 8/78 MP: 8/8
  5927 | D:6      | Found Ohuxost's Jewellery Boutique.
  6438 | D:7      | HP: 3/73 [wight/+4 halberd (8)]
  6440 | D:7      | Mangled by a wight

Illustrated notes

Levels and vault maps discovered:
D:1:      amcnicky_arrival_single_pillar, layout_basic
D:2:      layout_loops_corners, serial_co_window_serial, co_window_cross_1,
          co_window_of_opportunity_a, co_window_of_opportunity_a,
          co_window_of_opportunity_a, co_window_paths_b, co_window_corner_a,
          co_window_corner_a, co_window_unsneaky_path_e, co_window_broadway_c,
          co_window_unsneaky_path_d, glass_columns_a, glass_columns_b,
          glass_columns_a, glass_columns_a, glass_columns_a,
          dreamdust_ecumenical_altar_angels_and_demons
D:3:      layout_basic
D:4:      layout_loops_ring
D:5:      layout_cave_pods, serial_glass, glass_columns_a, glass_columns_a,
          serial_bayou_pond_d
D:6:      layout_cave_pools, serial_shops, shop, kennysheep_generic_room_16
D:7:      layout_rooms, lemuel_blue_sif_altar, minmay_temple_entry_slanted,
          uniq_menkaure

Skill      XL: |  1  2  3  4  5  6  7  8  9 |
---------------+----------------------------+-----
Fighting       | 4 5 6 |  6.9
Armour         | 4 5 7 8 |  8.8
Polearms       | 3 5 6 |  6.0
Shields        | 4 5 |  5.2
Dodging        | 1 2 3 |  3.6
Maces & Flails | 1 4 6 7 |  7.3
Throwing       | |  0.2
Stealth        | |  0.9

Action                     |  1- 3 |  4- 6 |  7- 9 || total
---------------------------+-------+-------+-------++-------
  Melee: Trident           |    62 |    86 |       ||   148
         Headbutt          |     9 |    12 |    18 ||    39
         Mace              |       |    23 |   136 ||   159
  Throw: Boomerang         |       |     4 |       ||     4
    Use: Scroll            |       |     8 |     1 ||     9
 Armour: Scale mail        |    75 |    68 |   144 ||   287
         Chain mail        |       |       |    40 ||    40
  Dodge: Dodged            |    46 |    76 |    88 ||   210
  Block: Buckler           |    15 |    25 |    32 ||    72

Table legend: (Time is in decaauts)
 A = Elapsed time spent in this place.
 B = Non-inter-level travel time spent in this place.
 C = Inter-level travel time spent in this place.
 D = Time resting spent in this place.
 E = Time spent auto-exploring this place.
 F = Levels seen in this place.
 G = Mean time per level.
                   A        B        C        D        E       F      G
               +--------+--------+--------+--------+--------+-----+--------+
         Total |   6445 |   6088 |    357 |    885 |   3200 |   7 |  920.7 |
       Dungeon |   6445 |   6088 |    357 |    885 |   3200 |   7 |  920.7 |
               +--------+--------+--------+--------+--------+-----+--------+

Top non-repeatable levels by time:
     D:6: 1500 daAuts
     D:2: 1348 daAuts
     D:5: 1157 daAuts
     D:1: 833 daAuts
     D:4: 818 daAuts
     D:3: 772 daAuts
     D:7: 15 daAuts
